 Dungeon Crawl Stone Soup version 0.18.1-8-gdd0e5ea (webtiles) character file.

4683 georgeearnest the Nimble (level 10, -8/98 HPs)
             Began as a Troll Monk on May 28, 2016.
             Was an Elder of Nemelex Xobeh.
             Mangled by a tarantella (13 damage)
             ... while paralysed
             ... on level 9 of the Dungeon.
             The game lasted 00:25:15 (7577 turns).

georgeearnest the Nimble (Troll Monk)               Turns: 7577, Time: 00:25:15

Health: -8/98      AC:  9    Str: 20 (21) XL:     10   Next: 21%
Magic:  10/10      EV:  1    Int:  0 (6)  God:    Nemelex Xobeh [****..]
Gold:   355        SH:  0    Dex: 14 (15) Spells: 0 memorised, 9 levels left

rFire  + . .     SeeInvis .       - Unarmed
rCold  + . .     Gourm    +     F - +2 robe {rC+ rF+}
rNeg   . . .     Faith    .     (no shield)
rPois  .         Spirit   .     (helmet restricted)
rElec  .         Dismiss  .     (no cloak)
rCorr  .         Reflect  .     (gloves unavailable)
SustAt .         Harm     .     (boots unavailable)
MR     +....                    (no amulet)
Stlth  ++........               (no ring)
                                n - ring of protection from magic

@: confused, paralysed, slowed, lost intelligence, somewhat resistant to hostile
enchantments, unstealthy
A: unfitting armour, claws 3, thin metallic scales 1, camouflage 1,
deterioration 1, fast metabolism 3, gourmand, regeneration 2, shaggy fur 1,
tough skin 2, wild magic 1
a: Triple Draw, Deal Four, Renounce Religion


You were on level 9 of the Dungeon.
You worshipped Nemelex Xobeh.
Nemelex Xobeh was greatly pleased with you.
You were full.

You visited 1 branch of the dungeon, and saw 9 of its levels.
You also visited: Sewer and Ossuary.

You collected 355 gold pieces.

Inventory:

Missiles
 K - a throwing net (quivered)
Armour
 a - a +0 robe
 F - a +2 robe of resistance (worn)
Jewellery
 n - a ring of protection from magic (left claw)
Wands
 v - a wand of random effects (15/48)
 B - a wand of random effects (26/48)
 P - a wand of iceblast (7/15)
 R - a wand of slowing (18/48)
Scrolls
 c - a scroll of immolation {unknown}
 d - 5 scrolls of enchant weapon
 e - 6 scrolls of blinking
 i - a scroll of remove curse {unknown}
 j - 3 scrolls of amnesia
 m - 4 scrolls of teleportation
 p - 6 scrolls of magic mapping
 y - 3 scrolls of fog {unknown}
 A - a scroll of recharging {unknown}
 J - a scroll of random uselessness {unknown}
 M - a scroll of torment {unknown}
Potions
 f - a potion of might
 g - a potion of berserk rage {unknown}
 l - 3 potions of brilliance
 o - 2 potions of cure mutation
 r - a potion of haste
 t - 3 potions of flight {unknown}
 z - 2 potions of magic {unknown}
 C - 4 potions of degeneration
 E - a potion of lignification {unknown}
 I - a potion of invisibility {unknown}
 L - a potion of agility
 N - a potion of cancellation {unknown}
Miscellaneous
 w - an ornate deck of destruction {drawn: 6}
 H - an ornate deck of war
 Q - a legendary deck of war
Comestibles
 b - 7 bread rations
 h - 2 slices of pizza
 k - a beef jerky
 u - 2 fruits
 D - a meat ration


   Skills:
 + Level 6.0 Fighting
 + Level 9.0 Dodging
 + Level 2.8 Stealth
 + Level 8.6 Unarmed Combat
 + Level 1.9 Evocations


You had 9 spell levels left.
You didn't know any spells.

Dungeon Overview and Level Annotations

Branches:
Dungeon (9/15)             Temple (0/1) D:4             Orc (0/2) D:9
   Lair: D:8-11

Altars:
Fedhas
Kikubaaqudgha
Makhleb
Nemelex Xobeh
Pakellas
Trog
Xom

Shops:
D:4 *

Annotations:
D:7 Joseph


Innate Abilities, Weirdness & Mutations

You are too large for most types of armour.
You have claws for hands.
Your metabolism is lightning-fast.
You like to eat raw meat.
You heal very quickly.
You are covered in fur (AC +1).
You have very tough skin (AC +2).
You are partially covered in thin metallic scales (AC +2).
Your skin changes colour to match your surroundings (Stealth).
Your body sometimes deteriorates upon taking damage.
Your spells are a little harder to cast, but a little more powerful.


Message History

The gnoll moves out of view.
The tarantella completely misses you. The tarantella bites you.
* * * LOW HITPOINT WARNING * * *
The giant frog closely misses you.
There is an escape hatch in the floor here.
You're too confused to move!
The tarantella bites you!
* * * LOW HITPOINT WARNING * * *
The giant frog barely misses you. The tarantella misses you.
You miss the giant frog. The giant frog completely misses you.
The tarantella misses you.
You bump into the rock wall.
The giant frog closely misses you. The tarantella barely misses you.
The giant frog closely misses you. The tarantella bites you!
* * * LOW HITPOINT WARNING * * *
Your body deteriorates!
You feel dopey.
You have lost your intelligence.
The giant frog hits you but does no damage.
The tarantella bites you!
You die...
Your body glows slightly and disappears.

#..... #.....
###### ##+#####
. ####......#
### ..
##F@'......# #..
... #.s##......#
###.. ....
#.###......#
###.... .....
##.#
#......###...#..
......#..#
#......'...###..
...ยง.(..##
#......##### #..
......###
#......# #..
...... #......#
#.> .....
#......# ###


You could see a tarantella and a giant frog.

Vanquished Creatures
  The ghost of eragonby the Grappler, a novice TrMo of Okawaru (D:8)
  The ghost of barakagiga the Skirmisher, a novice OgHu (Sewer)
  Prince Ribbit (D:7)
  Sigmund (D:5)
  A warg (D:9)
  4 orc warriors
  A sky beast (D:5)
  3 phantoms
  4 ogres
  3 big kobolds
  3 giant frogs
  Blork the orc (D:5)
  2 scorpions
  2 crimson imps
  A jelly (D:6)
  A quasit (D:5)
  2 hounds
  5 orc priests
  Jessica (D:3)
  An iguana (D:7)
  9 orc wizards
  Terence (D:2)
  4 worker ants
  A sheep (D:6)
  A hound zombie (D:6)
  13 mummies
  2 hound skeletons
  6 gnolls
  A howler monkey skeleton (D:5)
  17 adders
  2 river rats (Sewer)
  2 shadow imps
  2 oozes
  An adder zombie (D:5)
  4 worms
  5 dart slugs
  5 giant geckos
  33 orcs
  15 ball pythons
  5 giant cockroaches
  6 goblins
  19 hobgoblins
  6 jackals
  38 kobolds
  A quokka (D:5)
  A ball python skeleton (D:4)
  18 bats
  3 giant newts
  A gnoll skeleton (Ossuary)
  3 goblin skeletons (Ossuary)
  A jackal skeleton (D:4)
  3 kobold skeletons (Ossuary)
  An orc skeleton (Ossuary)
  37 rats
  11 rat skeletons (Ossuary)
317 creatures vanquished.

Vanquished Creatures (collateral kills)
  Menkaure (D:4)
  The ghost of Nanban the Ruffian, an amateur TrGl (D:4)
  A hound (D:4)
  An orc priest (D:5)
  An orc wizard (D:3)
  3 adders
  4 orcs
  A quokka (D:4)
  2 ball pythons (Sewer)
15 creatures vanquished.

Vanquished Creatures (others)
  2 plants (D:5)
2 creatures vanquished.

Grand Total: 334 creatures vanquished

Notes
Turn   | Place    | Note
--------------------------------------------------------------
     0 | D:1      | georgeearnest the Troll Monk began the quest for the Orb.
     0 | D:1      | Reached XP level 1. HP: 22/22 MP: 0/0
   337 | D:1      | Reached XP level 2. HP: 27/29 MP: 1/1
   652 | D:1      | Reached XP level 3. HP: 36/36 MP: 2/2
   666 | D:1      | Reached skill level 3 in Dodging
  1141 | D:2      | Reached XP level 4. HP: 40/44 MP: 3/3
  1419 | D:2      | Noticed a moth of wrath
  1420 | D:2      | Noticed Terence
  1421 | D:2      | Found a bloodstained altar of Trog.
  1438 | D:2      | Killed Terence
  1701 | D:2      | Noticed an ogre
  1708 | D:2      | Killed an ogre
  1708 | D:2      | Reached skill level 4 in Dodging
  1708 | D:2      | Reached skill level 5 in Unarmed Combat
  1708 | D:2      | Reached XP level 5. HP: 52/52 MP: 4/4
  1918 | D:3      | Found a sparkling altar of Nemelex Xobeh.
  1928 | D:3      | Became a worshipper of Nemelex Xobeh the Trickster
  1928 | D:3      | Received a gift from Nemelex Xobeh
  1928 | D:3      | Reached * piety under Nemelex Xobeh
  1928 | D:3      | Received a gift from Nemelex Xobeh
  1928 | D:3      | Reached ** piety under Nemelex Xobeh
  2052 | D:3      | Reached XP level 6. HP: 59/61 MP: 5/5
  2110 | D:3      | Received a gift from Nemelex Xobeh
  2311 | D:3      | Found a burning altar of Makhleb.
  2354 | D:3      | Found a blossoming altar of Fedhas.
  2439 | D:3      | Noticed Jessica
  2476 | D:3      | Killed Jessica
  2769 | D:4      | Noticed Nanban's ghost (amateur TrGl)
  2776 | D:4      | Killed Nanban's ghost
  2830 | D:4      | Noticed Menkaure
  2842 | D:4      | Killed Menkaure
  2842 | D:4      | Reached skill level 1 in Evocations
  2842 | D:4      | Reached XP level 7. HP: 67/67 MP: 6/6
  2935 | D:4      | Found a staircase to the Ecumenical Temple.
  3079 | D:4      | Found Vional's Assorted Antiques.
  3152 | D:4      | Reached *** piety under Nemelex Xobeh
  3261 | D:4      | Received a gift from Nemelex Xobeh
  3344 | D:4      | Reached skill level 5 in Dodging
  3364 | D:4      | Found a glowing drain.
  3379 | Sewer    | Entered a sewer
  3674 | Sewer    | Noticed barakagiga's ghost (novice OgHu)
  3684 | Sewer    | Killed barakagiga's ghost
  3684 | Sewer    | Reached XP level 8. HP: 74/78 MP: 6/8
  3750 | Sewer    | Reached skill level 6 in Dodging
  3969 | D:5      | Entered Level 5 of the Dungeon
  4184 | D:5      | Noticed Blork the orc
  4193 | D:5      | Killed Blork the orc
  4303 | D:5      | Noticed Sigmund
  4304 | D:5      | Killed Sigmund
  4304 | D:5      | Reached skill level 7 in Dodging
  4462 | D:5      | Received a gift from Nemelex Xobeh
  4559 | D:5      | Reached **** piety under Nemelex Xobeh
  4576 | D:5      | Reached XP level 9. HP: 85/85 MP: 9/9
  4657 | D:5      | Found a shimmering altar of Xom.
  5339 | D:6      | Found a sand-covered staircase.
  5354 | Ossuary  | Entered an ossuary
  5389 | Ossuary  | Reached skill level 5 in Fighting
  5982 | D:6      | Received a gift from Nemelex Xobeh
  5984 | D:6      | Found an ancient bone altar of Kikubaaqudgha.
  6224 | D:7      | Noticed Prince Ribbit
  6241 | D:7      | Killed Prince Ribbit
  6241 | D:7      | Reached skill level 8 in Dodging
  6267 | D:7      | Noticed Joseph
  6285 | D:8      | HP: 2/88 [ogre/giant club (20)]
  6290 | D:8      | Gained mutation: You are partially covered in thin metallic scales (AC +2). [potion of mutation]
  6290 | D:8      | Gained mutation: Your body sometimes deteriorates upon taking damage. [potion of mutation]
  6392 | D:8      | Gained mutation: Your spells are a little harder to cast, but a little more powerful. [potion of mutation]
  6392 | D:8      | Gained mutation: Your skin changes colour to match your surroundings (Stealth). [potion of mutation]
  6670 | D:8      | Noticed eragonby's ghost (novice TrMo)
  6674 | D:8      | Killed eragonby's ghost
  6721 | D:8      | Reached XP level 10. HP: 38/98 MP: 10/10
  6820 | D:9      | Found an oddly glowing altar of Pakellas.
  6984 | D:9      | Found a staircase to the Orcish Mines.
  7453 | D:9      | Reached skill level 9 in Dodging
  7521 | D:9      | Noticed a cyclops
  7522 | D:9      | a cyclops changed into a tarantella
  7576 | D:9      | HP: 4/98 [tarantella (12)]
  7576 | D:9      | Lost intelligence.
  7577 | D:9      | Mangled by a tarantella

Skill      XL: |  1  2  3  4  5  6  7  8  9 10 |
---------------+-------------------------------+-----
Dodging        | 3 4 5 7 8 9 |  9.0
Unarmed Combat | 5 6 7 8 |  8.6
Fighting       | 3 4 5 6 |  6.0
Evocations     | 1 |  1.9
Stealth        | 2 |  2.8

Action                   |  1- 3 |  4- 6 |  7- 9 | 10-12 || total
-------------------------+-------+-------+-------+-------++-------
Melee: Unarmed           |   102 |   142 |   449 |    84 ||   777
       Punch             |     3 |     1 |    20 |     4 ||    28
Evoke: Deck              |       |    17 |    10 |     4 ||    31
  Use: Potion            |       |       |    12 |     7 ||    19
       Scroll            |       |       |       |    10 ||    10
 Stab: Sleeping          |       |     2 |     5 |     1 ||     8
       Invisible         |       |       |     3 |       ||     3
       Held in net/web   |       |       |     1 |       ||     1
  Eat: Chunk             |    13 |    18 |    35 |     5 ||    71
       Beef jerky        |       |       |     1 |       ||     1
Armor: Robe              |    45 |    59 |   127 |    39 ||   270
Dodge: Dodged            |    65 |   103 |   346 |   117 ||   631
